Map: Winter Madness LE

Players

Noruxas

  • Race: Zerg Zerg
  • League: Diamond
  • Spawn Location: 5:00

HoldTheDoor - Winner!

  • Race: Protoss Protoss
  • League: Diamond
  • Spawn Location: 11:00

VOD

Have the link to the VOD?

Description

Time

  • Played on: May 6, 2026, 11:39 a.m.
  • Length: 13:19
Show
View Real Time Build Order
Export as new Build Order

Noruxas Zerg 

Build Orders: Hatch First 

Get SALT Encoding   

  12  0:00  Drone  
  13  0:12  Overlord  
  13  0:16  Drone  
  14  0:21  Extractor  
  14  0:23  Drone  
  15  0:31  Drone  
  16  0:49  Hatchery  
  15  0:52  Drone  
  16  1:06  Spawning Pool  
  15  1:12  Extractor  
  15  1:16  Drone x2  
  16  1:18  Drone  
  17  1:27  Drone  
  18  1:38  Drone  
  19  1:49  Drone  
  19  1:52  Queen  
  22  2:04  Queen  
  22  2:06  Drone x2  
  26  2:10  Drone  
  26  2:13  Metabolic Boost  
  27  2:21  Overlord  
  27  2:23  Drone  
  28  2:39  Queen  
  28  2:40  Queen  
  32  2:56  Drone x2  
  34  3:01  Hatchery  
  34  3:04  Drone x3  
  36  3:09  Overlord  
  36  3:18  Roach Warren  
  35  3:25  Overlord  
  35  3:26  Drone  
  36  3:27  Drone  
  36  3:32  Drone x3  
  41  3:41  Drone x2  
  41  3:47  Overlord  
  42  3:54  Drone x5  
  47  3:57  Drone  
  47  3:58  Drone  
  47  4:01  Extractor  
  48  4:03  Overlord  
  48  4:05  Drone  
  49  4:11  Evolution Chamber  
  49  4:16  Overlord  
  48  4:25  Overlord  
  48  4:28  Extractor  
  48  4:30  Extractor  
  46  4:37  Overlord  
  46  4:43  Overlord  
  46  4:44  Drone x3  
  46  4:45  Drone x3  
  51  4:46  Drone  
  53  5:02  Lair  
  53  5:03  Overlord  
  53  5:04  Zergling x8  
  53  5:05  Zergling x18  
  66  5:26  Spore Crawler  
  66  5:28  Spore Crawler  
  64  5:29  Roach x4  
  64  5:30  Roach x2  
  64  5:35  Spore Crawler  
  74  5:49  Overlord  
  71  5:50  Roach  
  71  5:51  Roach x4  
  79  6:01  Overseer  
  79  6:03  Overseer  
  69  6:11  Zergling x2  
  69  6:12  Zergling x6  
  72  6:18  Overseer  
  72  6:21  Overlord  
  72  6:26  Hatchery  
  72  6:32  Baneling Nest, Zerg Ground Armor Level 1  
  70  6:45  Drone x4  
  70  6:46  Drone  
  75  6:50  Ravager  
  75  6:51  Ravager x7  
  84  6:54  Zergling x8  
  84  6:56  Zergling x8  
  84  6:57  Zergling x4  
  93  7:06  Drone  
  94  7:11  Spore Crawler  
  93  7:25  Overlord  
  93  7:34  Overlord  
  93  7:35  Drone  
  94  7:37  Drone x4  
  94  7:38  Drone x2  
  94  7:43  Zergling x6  
  103  7:45  Baneling  
  103  7:46  Baneling x10  
  103  7:47  Centrifugal Hooks  
  103  7:49  Spore Crawler  
  103  7:50  Hatchery  
  103  7:51  Roach  
  103  8:01  Queen  
  103  8:04  Glial Reconstitution  
  105  8:07  Zergling x4  
  105  8:08  Roach x5  
  105  8:10  Roach  
  119  8:26  Overlord  
  119  8:52  Zergling x2  
  119  8:53  Zergling x26  
  121  9:13  Zergling x20  
  121  9:14  Zergling x2  
  105  9:21  Roach  
  105  9:22  Roach x5  
  95  9:30  Roach  
  81  9:34  Baneling x5  
  81  9:39  Zergling x2  
  81  9:40  Zergling x6  
  81  9:45  Zergling x8  
Show
View Real Time Build Order
Export as new Build Order

HoldTheDoor Protoss - Winner!

Build Orders: 1 Gate Expand, Zealot Archon, Archon Drop, Dark Templar Rush 

Get SALT Encoding   

  12  0:00  Probe  
  13  0:12  Probe  
  14  0:20  Pylon  
  14  0:24  Probe  
  15  0:34  Probe  
  15  0:42  Probe  
  16  0:43  Gateway  
  17  0:51  Assimilator  
  17  0:53  Probe  
  18  1:05  Probe  
  20  1:25  Nexus  
  19  1:26  Probe  
  19  1:32  Assimilator  
  20  1:38  Probe  
  21  1:45  Cybernetics Core  
  21  1:51  Probe  
  22  1:55  Pylon  
  22  2:03  Probe  
  23  2:09  Stalker  
  23  2:13  Warp Gate  
  23  2:18  Gateway  
  25  2:25  Probe  
  27  2:37  Probe, Twilight Council  
  27  2:40  Probe  
  28  2:51  Adept  
  28  2:56  Probe  
  31  3:01  Robotics Facility  
  31  3:03  Probe  
  32  3:08  Probe  
  33  3:16  Pylon  
  33  3:20  Dark Shrine  
  33  3:24  Pylon  
  33  3:25  Probe  
  34  3:31  Assimilator  
  34  3:35  Probe  
  35  3:43  Gateway x2  
  35  3:46  Probe  
  36  3:55  Warp Prism  
  38  4:10  Probe  
  38  4:11  Probe  
  40  4:21  Pylon  
  40  4:24  Probe, Pylon  
  41  4:29  Probe  
  42  4:39  Dark Templar  
  42  4:41  Dark Templar x2  
  42  4:43  Dark Templar  
  50  4:56  Probe x2  
  52  5:01  Charge  
  52  5:08  Nexus  
  52  5:10  Pylon  
  52  5:20  Probe x2  
  52  5:56  Dark Templar x3  
  52  5:57  Dark Templar  
  55  6:23  Gateway, Archon x2  
  55  6:24  Archon, Pylon  
  55  6:27  Pylon  
  55  6:28  Zealot  
  55  6:29  Zealot x2  
  55  6:32  Immortal  
  65  6:36  Probe x3  
  68  6:48  Probe x2, Zealot  
  68  6:50  Zealot x2  
  68  6:51  Probe  
  77  6:58  Gateway x2  
  77  7:00  Probe  
  78  7:01  Gateway  
  78  7:02  Gateway  
  78  7:05  Probe x2  
  78  7:06  Gateway  
  78  7:07  Immortal  
  78  7:08  Gateway  
  80  7:10  Zealot  
  80  7:11  Zealot x2  
  80  7:12  Probe  
  87  7:17  Probe  
  87  7:19  Zealot  
  94  7:28  Probe x2  
  94  7:29  Probe  
  97  7:37  Zealot x3  
  97  7:40  Probe, Zealot  
  97  7:41  Probe  
  97  7:42  Probe  
  108  7:44  Pylon  
  108  7:46  Observer, Pylon  
  109  7:52  Forge  
  109  7:53  Pylon  
  109  8:02  Dark Templar x2  
  109  8:04  Immortal  
  109  8:05  Dark Templar  
  119  8:07  Archon  
  119  8:10  Archon  
  119  8:12  Dark Templar x2  
  123  8:16  Archon  
  123  8:18  Zealot x3  
  129  8:20  Zealot  
  129  8:26  Pylon  
  131  8:30  Pylon  
  131  8:34  Photon Cannon  
  131  8:35  Photon Cannon  
  131  8:36  Protoss Ground Weapons Level 1  
  131  8:38  Photon Cannon  
  131  8:40  Shield Battery  
  131  8:45  Photon Cannon  
  131  8:52  Dark Templar x2  
  131  8:54  Zealot x2  
  139  8:56  Archon  
  103  9:17  Zealot x7  
  103  9:18  Zealot  
  111  9:30  Stalker x2  
Tags
 
Add a new tag
Caveats
  • Supply blocks, unpowered buildings, or Contaminate may cause inaccurate times.
  • Supply counts are checked every 10 seconds.